 Dungeon Crawl Stone Soup version 0.24-a0-639-gb70a11d811 (webtiles) character file.

Game seed: 11411182497680565472, levelgen mode: deterministic

92 Kohma the Poker (level 4, 0/34 HPs)
             Began as a Demonspawn Gladiator on Sept 23, 2019.
             Slain by an orc wizard
             ... wielding a +0 dagger
              (2 damage)
             ... on level 3 of the Dungeon.
             The game lasted 00:05:43 (2072 turns).

Kohma the Poker (Demonspawn Gladiator)              Turns: 2072, Time: 00:05:43

Health: 0/34       AC:  8    Str: 15    XL:     4   Next: 35%
Magic:  4/4        EV: 10    Int:  9    God:
Gold:   108        SH:  8    Dex: 15    Spells: 3/3 levels left

rFire    . . .     SeeInvis .   a - +0 trident
rCold    . . .     Gourm    .   w - +0 buckler
rNeg     . . .     Faith    .   j - +0 scale mail
rPois    .         Spirit   .   c - +0 helmet
rElec    .         Reflect  .   (no cloak)
rCorr    .         Harm     .   (no gloves)
MR       .....                  u - +0 pair of boots
Stlth    ..........             (no amulet)
HPRegen  0.11/turn              (no ring)
MPRegen  0.09/turn              (no ring)

@: no status effects
A: large bone plates 1
a: no special abilities


You were on level 3 of the Dungeon.
You were not hungry.

You visited 1 branch of the dungeon, and saw 3 of its levels.

You collected 108 gold pieces.

Inventory:

Hand Weapons
 a - a +0 trident (weapon)
Missiles
 d - 3 throwing nets (quivered)
 i - 7 javelins
Armour
 b - a +0 leather armour
 c - a +0 helmet (worn)
 j - a +0 scale mail (worn)
 u - a +0 pair of boots (worn)
 w - a +0 buckler (worn)
Jewellery
 m - a cursed amulet of inaccuracy {unknown}
Scrolls
 e - 2 scrolls of teleportation {unknown}
 h - a scroll of enchant weapon {unknown}
 k - 2 scrolls of fear {unknown}
 o - 2 scrolls of identify {unknown}
 p - 2 scrolls of magic mapping {unknown}
 q - a scroll of amnesia {unknown}
 r - 2 scrolls of remove curse {unknown}
Potions
 g - a potion of haste {unknown}
 l - 2 potions of heal wounds {unknown}
 n - a potion of invisibility {unknown}
 s - a potion of lignification {unknown}
 t - 2 potions of might {unknown}
 x - 2 potions of berserk rage {unknown}
Comestibles
 f - a ration
 v - 9 chunks of flesh


   Skills:
 - Level 2.6 Fighting
 * Level 3.8 Polearms
 - Level 1.7 Throwing
 + Level 3.3 Dodging
 + Level 0.6 Shields


You had 3 spell levels left.
You didn't know any spells.
Your spell library was empty.

Dungeon Overview and Level Annotations

Branches:
Dungeon (3/15)

Altars:
Nemelex Xobeh
Uskayaw

Annotations:
D:2 Sigmund


Innate Abilities, Weirdness & Mutations

You are partially covered in large bone plates. (SH +4)


Message History

The orc wizard gestures at you while chanting.
The magic dart hits you.
You are too injured to fight recklessly!
You are too injured to fight recklessly!
You are too injured to fight recklessly!
You are too injured to fight recklessly!
You are too injured to fight recklessly!
You hit the orc wizard.
The orc wizard is severely wounded.
The orc wizard hits you but does no damage.
You hit the orc wizard.
The orc wizard is almost dead.
The orc priest invokes the aid of Beogh against you.
Beogh smites you!
* * * LOW HITPOINT WARNING * * *
You block the orc wizard's attack.
You barely miss the orc wizard.
The orc wizard is almost dead.
The orc wizard hits you with a +0 dagger.
You die...

...o. #.########
.... #)......##
..# #.......+. #.#
#.......## #.##
#.####+### #.h#
#......... ##.##
#..###....
#########o[####..#
#####
#......@oo.......#
#.########.####.##
#..# #(# ##.# #.#
.. #+# #.# .# .#
..


You could see an orc priest, an orc wizard and an orc.

Vanquished Creatures
  A hound (D:3)
  An adder (D:2)
  2 leopard geckos
  3 orcs (D:3)
  9 bats
  3 giant cockroaches
  8 goblins
  6 hobgoblins
  5 kobolds
  A quokka (D:2)
  2 frilled lizards
  3 rats (D:1)
44 creatures vanquished.

Notes
Turn   | Place    | Note
-------+----------+-------------------------------------------
     0 | D:1      | Kohma the Demonspawn Gladiator began the quest for the Orb.
     0 | D:1      | Reached XP level 1. HP: 16/16 MP: 1/1
    80 | D:1      | Gained mutation: You are partially covered in large bone
                  | plates. (SH +4) [demonic ancestry]
    80 | D:1      | Reached XP level 2. HP: 22/22 MP: 2/2
   904 | D:2      | Found a sparkling altar of Nemelex Xobeh.
   929 | D:2      | Reached XP level 3. HP: 28/28 MP: 3/3
  1058 | D:2      | Noticed Sigmund
  1409 | D:2      | Found a hide-covered altar of Uskayaw.
  2062 | D:3      | Reached XP level 4. HP: 23/34 MP: 4/4
  2072 | D:3      | Slain by an orc wizard

Levels and vault maps discovered:
D:1:      dpeg_arrival_yet_another_circle, layout_loops_ring,
          chequers_serial_rivers_micro_a
D:2:      layout_loops_cross, lemuel_doored_altar, first_ration,
          nemelex_spade_bored_becter, uniq_sigmund
D:3:      layout_basic

Skill      XL: |  1  2 |
---------------+-------+-----
Polearms       | 3 |  3.8
Dodging        | 3 |  3.3
Fighting       | |  2.6
Throwing       | |  1.7
Shields        | |  0.6

Action                   |  1- 3 |  4- 6 || total
-------------------------+-------+-------++-------
Melee: Trident           |   139 |    10 ||   149
  Eat: Ration            |     1 |       ||     1
       Chunk             |     1 |       ||     1
Armor: Leather armour    |     2 |       ||     2
       Scale mail        |    38 |       ||    38
Dodge: Dodged            |    73 |     3 ||    76
Block: Other             |    14 |       ||    14
       Buckler           |     7 |     1 ||     8

Table legend:
 A = Non-vault XP
 B = Vault XP
 C = Vault XP percentage of total XP
 D = Non-vault monster count
 E = Vault monster count
 F = Vault count percentage of total count
                 A         B        C        D         E       F
            +---------+---------+-------+---------+---------+-------
      Total |     132 |       0 |   0.0 |      44 |       0 |   0.0
            +---------+---------+-------+---------+---------+-------
        D:1 |      33 |       0 |   0.0 |      20 |       0 |   0.0
        D:2 |      35 |       0 |   0.0 |      14 |       0 |   0.0
        D:3 |      64 |       0 |   0.0 |      10 |       0 |   0.0
            +---------+---------+-------+---------+---------+-------
